 Dungeon Crawl Stone Soup version 0.22-a0-247-gbddf880 (webtiles) character file.

238 Amnesiac the Charlatan (level 5, 0/33 HPs)
             Began as a Deep Elf Artificer on Feb 24, 2018.
             Succumbed to a worker ant's poison
             ... on level 4 of the Dungeon.
             The game lasted 00:02:54 (1111 turns).

Amnesiac the Charlatan (Deep Elf Artificer)         Turns: 1111, Time: 00:02:55

Health: 0/33       AC:  3    Str: 10    XL:     5   Next: 78%
Magic:  9/9        EV: 12    Int: 16    God:
Gold:   28         SH:  0    Dex: 18    Spells: 4/4 levels left

rFire    . . .     SeeInvis .   a - +0 short sword
rCold    . . .     Gourm    .   (no shield)
rNeg     . . .     Faith    .   b - +0 leather armour
rPois    .         Spirit   .   (no helmet)
rElec    .         Reflect  .   (no cloak)
rCorr    .         Harm     .   (no gloves)
MR       .....                  (no boots)
Stlth    ++........             (no amulet)
HPRegen  0.11/turn              g - +3 ring of dexterity
MPRegen  0.11/turn              (no ring)

@: lethally poisoned (0 -> -5)
A: no striking features
a: no special abilities


You were on level 4 of the Dungeon.
You were not hungry.

You visited 1 branch of the dungeon, and saw 4 of its levels.

You collected 28 gold pieces.

Inventory:

Hand Weapons
 a - a +0 short sword (weapon)
Missiles
 i - 24 stones
 l - 5 javelins (quivered)
Armour
 b - a +0 leather armour (worn)
Jewellery
 g - a +3 ring of dexterity (left hand)
 n - an uncursed ring of protection from cold {unknown}
Wands
 d - a wand of enslavement (15)
 e - a wand of random effects (3)
Scrolls
 h - 3 scrolls of remove curse {!r, unknown}
 j - a scroll of identify {!r, unknown}
 m - a scroll of amnesia {!r, unknown}
Comestibles
 f - 3 rations


   Skills:
 * Level 3.9 Fighting
 - Level 2.0 Short Blades
 - Level 0.9 Armour
 - Level 2.4 Dodging
 - Level 2.0 Stealth
 + Level 3.9 Evocations


You had 4 spell levels left.
You didn't know any spells.

Dungeon Overview and Level Annotations

Branches:
Dungeon (4/15)
 Temple: D:4-7

Altars:


Message History

There is a large open door here.
You see here a ball python corpse.
Something is blocking the doorway!
Something bites you.
* * * LOW HITPOINT WARNING * * *
You are poisoned.
Something poisons you!
Evoke which item? (* to show all) (? for menu, Esc to quit)
Okay, then.
Evoke which item? (* to show all) (? for menu, Esc to quit)
Okay, then.
Okay, then.
Unknown command.
Okay, then.
Really quaff
k - a bubbling blue potion {!q}?
It was a potion of cancellation {!q}.
You feel magically purged.
You feel sick. Something bites you but does no damage.
Evoke which item? (* to show all) (? for menu, Esc to quit)
Aiming: Random Effects
Press: ? - help, Shift-Dir - straight line The puff of flame hits something.
You feel sick. Something bites you but does no damage. Something bites you.
* * * LOW HITPOINT WARNING * * *
You are lethally poisoned!
Something poisons you!
Evoke which item? (* to show all) (? for menu, Esc to quit)
Aiming: Random Effects
Press: ? - help, Shift-Dir - straight line The puff of flame hits something.
* * * LOW HITPOINT WARNING * * *
You feel sick. Something completely misses you.
Evoke which item? (* to show all) (? for menu, Esc to quit)
Aiming: Random Effects
Press: ? - help, Shift-Dir - straight line The bolt of negative energy hits something.
Reactivating autopickup.
You feel a bit more experienced.
* * * LOW HITPOINT WARNING * * *
You feel sick.
Evoke which item? (* to show all) (? for menu, Esc to quit)
Aiming: Random Effects
Press: ? - help, Shift-Dir - straight line, f - you
Okay, then.
You aren't carrying any potions.
Unknown command.
* * * LOW HITPOINT WARNING * * *
You feel sick.
There is a large open door here.
You see here a ball python corpse.
You butcher the ball python corpse.
* * * LOW HITPOINT WARNING * * *
You feel sick.
There is a large open door here.
You see here 3 chunks of flesh.
* * * LOW HITPOINT WARNING * * *
You feel sick.
* * * LOW HITPOINT WARNING * * *
You feel sick.
* * * LOW HITPOINT WARNING * * *
You feel sick.
* * * LOW HITPOINT WARNING * * *
You feel sick.
* * * LOW HITPOINT WARNING * * *
You feel sick.
You die...

........%.###..#
#.......#......#
##..(...#...##.#
##.....###.# .#
≈≈##....# #.# .#
≈≈≈##...# #.##.#
#≈≈ ##..# #....#
## ≈##.# #..###
#@.# #....#
#..#.# ≈≈....#
#≈≈≈.### ##≈≈#
##. ..


There were no monsters in sight!

Vanquished Creatures
  An ogre (D:4)
  A hound (D:4)
  A bullfrog skeleton (D:4)
  An orc priest (D:4)
  A worker ant (D:4)
  3 adders
  3 orcs (D:4)
  2 ball pythons
  A goblin (D:2)
  2 hobgoblins (D:1)
  2 kobolds
  A quokka (D:4)
  A bat (D:3)
  A rat (D:2)
21 creatures vanquished.

Notes
Turn   | Place    | Note
-------+----------+-------------------------------------------
     0 | D:1      | Amnesiac the Deep Elf Artificer began the quest for the Orb.
     0 | D:1      | Reached XP level 1. HP: 11/11 MP: 5/5
   362 | D:2      | Reached XP level 2. HP: 14/16 MP: 6/6
   482 | D:4      | Noticed an ogre
   498 | D:4      | Killed an ogre
   498 | D:4      | Reached XP level 3. HP: 16/22 MP: 7/7
   498 | D:4      | Reached XP level 4. HP: 20/27 MP: 8/8
   709 | D:4      | Reached XP level 5. HP: 32/32 MP: 9/9
  1109 | D:4      | HP: 1/33 [poisoned by a worker ant]
  1111 | D:4      | Succumbed to a worker ant's poison

Vault maps used:
D:1:      dpeg_arrival_tiny_i
D:2:      nicolae_overflow_hidden_temple, st_stairs_12, grunt_decor_fettered,
          uniq_crazy_yiuf_cottage
D:3:      minitemple, kennysheep_nub, cheibriados_altar_1
D:4:      grunt_temple_overflow_gold_and_silver, old_standard_altar,
          grunt_qazlal_clouds, first_ration, kennysheep_opposing_triangles,
          uniq_natasha, uniq_edmund

Skill      XL: |  1  2  3  4 |
---------------+-------------+-----
Short Blades   | 2 |  2.0
Stealth        | 2 |  2.0
Fighting       | 2 3 |  3.9
Armour         | |  0.9
Dodging        | |  2.4
Evocations     | |  3.9

Action                   |  1- 3 |  4- 6 || total
-------------------------+-------+-------++-------
Melee: Short sword       |    25 |    50 ||    75
Throw: Javelin           |     4 |       ||     4
Evoke: Wand              |    14 |    13 ||    27
  Use: Potion            |       |     1 ||     1
 Stab: Sleeping          |     1 |       ||     1
  Eat: Chunk             |       |     1 ||     1
Armor: Leather armour    |     6 |    13 ||    19
Dodge: Dodged            |    20 |    38 ||    58

Table legend:
 A = Spawn XP
 B = Non-spawn XP
 C = Spawn XP percentage of total XP
 D = Spawn monster count
 E = Non-spawn monster count
 F = Spawn count percentage of total count
 G = Total turns spent on level
                    A         B        C        D         E        F      G
               +---------+---------+-------+---------+---------+-------+---------
         Total |       0 |     340 |   0.0 |       0 |      21 |   0.0 |  1111
               +---------+---------+-------+---------+---------+-------+---------
           D:1 |       0 |       6 |   0.0 |       0 |       3 |   0.0 |   201
           D:2 |       0 |      18 |   0.0 |       0 |       4 |   0.0 |   196
           D:3 |       0 |      16 |   0.0 |       0 |       3 |   0.0 |   250
           D:4 |       0 |     300 |   0.0 |       0 |      11 |   0.0 |   464
               +---------+---------+-------+---------+---------+-------+---------
